 Dungeon Crawl Stone Soup version 0.30-a0-365-ge7f957f1db (webtiles) character file.

Game seed: 4429697946392044544

17045 KKCryptic the Protected (level 12, -18/132 HPs)
             Began as a Demonspawn Berserker on Nov 15, 2022.
             Was a High Priest of Trog.
             Demolished by Rupert
             ... wielding a +5 antimagic battleaxe
              (43 damage)
             ... on level 12 of the Dungeon on Nov 16, 2022.
             The game lasted 00:56:16 (11612 turns).

KKCryptic the Protected (Demonspawn Berserker)     Turns: 11612, Time: 00:56:16

Health: -18/132    AC: 12    Str: 25    XL:     12   Next: 15%
Magic:  0/12       EV: 12    Int: 11    God:    Trog [*****.]
Gold:   535        SH: 12    Dex: 27    Spells: 11/11 levels left

rFire   + + .      SeeInvis .    j - +2 trident (venom)
rCold   x . .      Faith    .    I - +0 buckler
rNeg    + . .      Spirit   .    s - +3 salamander hide armour {Flames rF++ rC--}
rPois   +          Reflect  +    (no helmet)
rElec   +          Harm     .    E - +0 cloak "Matweit" {rElec rC+}
rCorr   .          Rampage  .    e - +2 pair of gloves
Will    .....                    (boots unavailable)
Stlth   ..........               R - amulet "Pobroal" {Reflect rPois Str+4 Dex+7 SH+5}
HPRegen 0.42/turn                D - ring of positive energy
MPRegen 0.13/turn                r - +6 ring of dexterity

@: berserking, very quick
A: hooves 3, demonic guardian 2, big brain 1, demonic magic 1
a: Renounce Religion, Berserk, Trog's Hand, Brothers in Arms


You were on level 12 of the Dungeon.
You worshipped Trog.
Trog was extremely pleased with you.
You visited 2 branches of the dungeon, and saw 14 of its levels.
You also visited: Sewer.

You collected 715 gold pieces.
You spent 180 gold pieces at shops.

Inventory:

Hand Weapons
 j - a +2 trident of venom (weapon)
 t - the +7 staff of the Meek {protect, meekguard}
   (You found it on level 4 of the Dungeon)

   It grants its wielder temporary protection when it strikes (+7 to AC).
   It provides extra protection to wielders with little health.
Armour
 e - a +2 pair of gloves (worn)
 o - a +3 scale mail of cold resistance
 s - the +3 salamander hide armour (worn) {Flames rF++ rC--}
   (You found it on level 10 of the Dungeon)

   It surrounds you with a cloud of flames.
   It grants immunity to clouds of flame.
   It enhances your fire magic.
   rF:        It greatly protects you from fire.
   rC:        It makes you very vulnerable to cold.
 B - a +4 chain mail of fire resistance
 E - the +0 cloak "Matweit" (worn) {rElec rC+}
   (You bought it in a shop on level 3 of the Dungeon)

   rC:        It protects you from cold.
   rElec:     It insulates you from electricity.
 I - a +0 buckler (worn)
Jewellery
 r - a +6 ring of dexterity (right hand)
 D - a ring of positive energy (left hand)
 R - the amulet "Pobroal" (around neck) {Reflect rPois Str+4 Dex+7 SH+5}
   (You found it on level 10 of the Dungeon)

   [amulet of reflection]

   It reflects blocked missile attacks.
   Str:       It affects your strength (+4).
   Dex:       It affects your dexterity (+7).
   rPois:     It protects you from poison.
   SH:        It affects your SH (+5).
Wands
 u - a wand of paralysis (16)
 v - a wand of roots (9)
 A - a wand of polymorph (13)
 C - a wand of flame (52) (quivered)
 M - a wand of acid (6)
Scrolls
 a - 3 scrolls of vulnerability
 c - 8 scrolls of teleportation
 h - 3 scrolls of blinking
 i - 2 scrolls of fear
 l - 3 scrolls of magic mapping
 x - a scroll of noise {unknown}
 y - a scroll of enchant armour
 H - a scroll of torment {unknown}
 K - a scroll of brand weapon {unknown}
 L - a scroll of butterflies {unknown}
 Q - a scroll of poison {unknown}
Potions
 d - 8 potions of curing
 f - 3 potions of might
 g - 3 potions of flight
 k - 4 potions of lignification
 m - 3 potions of heal wounds
 n - 3 potions of attraction
 p - 6 potions of haste
 q - 4 potions of mutation
 z - 2 potions of ambrosia
 F - a potion of resistance
 G - 2 potions of invisibility
Miscellaneous
 P - a phantom mirror (inert)


   Skills:
 - Level 6.1 Fighting
 - Level 11.3 Polearms
 - Level 12.8 Armour
 - Level 1.7 Dodging
 + Level 6.0 Shields


You had 11 spell levels left.
You didn't know any spells.
Your spell library was empty.

Dungeon Overview and Level Annotations

Branches:
Dungeon (13/15)            Temple (1/1) D:4            Lair (0/5) D:9
    Orc (0/2) D:10         Vaults (0/5) D:13          Sewer (visited)

Altars:
Ashenzari
Cheibriados
Dithmenos
Fedhas
Gozag
Hepliaklqana
Kikubaaqudgha
Makhleb
Nemelex Xobeh
Okawaru
Qazlal
Ru
Sif Muna
Trog
Uskayaw
Vehumet
Wu Jian
Xom
Yredelemnul

Shops:
D:3 **([(   D:4 :   D:5 (   D:12 (

Annotations:
D:7 2 runed translucent doors, gebbletook2's ghost, novice VSFi
D:12 Rupert; Urug
D:13 Nessos


Innate Abilities, Weirdness & Mutations

You have hooves in place of feet.
A demonic guardian rushes to your aid.
You have an unusually large brain. (Int +2)
Spells you cast may paralyse adjacent enemies.


Message History

Your deep troll's corpse disappears in a puff of smoke!
Your Shields skill increases to level 6!
You puncture Rupert!
Rupert looks as sick as possible!
Your kick misses Rupert.
Rupert is heavily wounded.
Nessos mumbles some strange words.
Nessos blinks!
The boulder beetle leaps!
The human closely misses your sixfirhy.
Urug is engulfed in blazing flames.
Urug hits you with a +4 eveningstar of protection!
The human closely misses your sixfirhy. The human hits your sixfirhy.
The human hits your sixfirhy!
Your sixfirhy dies!
Your sixfirhy disappears in a puff of smoke!
Rupert is engulfed in blazing flames.
You block Rupert's attack.
You puncture Rupert!
Rupert looks as sick as possible!
You kick Rupert!
Rupert is severely wounded.
You barely miss Rupert. Your kick misses Rupert.
Rupert is severely wounded.
Rupert is engulfed in blazing flames.
Rupert closely misses you. The human hits you but does no damage.
Urug is engulfed in blazing flames.
Urug hits you with a +4 eveningstar of protection!
You puncture Rupert! You kick Rupert.
Rupert is severely wounded.
Rupert is engulfed in blazing flames.
Rupert hits you with a +5 antimagic battleaxe!!
* * * LOW HITPOINT WARNING * * *
Nessos mumbles some strange words.
Nessos blinks!
The human barely misses you.
Urug is engulfed in blazing flames.
You block Urug's attack.
The human is engulfed in blazing flames.
Rupert is engulfed in blazing flames.
Rupert hits you with a +5 antimagic battleaxe!
* * * LOW HITPOINT WARNING * * *
You climb upwards.
You feel a strong urge to attack something.
There is a stone staircase leading down here.
You puncture Rupert!
Rupert is almost dead.
Rupert is engulfed in blazing flames.
Rupert hits you with a +5 antimagic battleaxe!!!
You die...

#...##..# #...# #.
#...##..# #...# #.
#...##..# #...# #.
#...##..# #...#####.
#...##..#########.........
#:.######.................
#..# #.o......#########
#..# #p####...# # #..# #@#
#...# # #..# #@#
#...######### #..######p#
#............ #.........#
#............ #.........#
############# #...###...#
#...# #...# #...# #...#
#...# #...#


You could see Rupert (berserk, extremely poisoned), Urug and 2 humans.

Vanquished Creatures
  A hydra (D:11)
  A boulder beetle (D:12)
  A two-headed ogre (D:12)
  A death yak (D:9)
  2 salamanders (D:10)
  An elephant (D:9)
  A gargoyle (D:11)
  3 unseen horrors
  2 tengu conjurers (D:9)
  A troll (D:10)
  3 hornets
  2 wraiths
  Sigmund (D:3)
  3 vampires
  A basilisk (D:9)
  16 yaks
  2 steam dragons (D:7)
  2 vampire mosquitoes (D:11)
  Edmund (D:5)
  A water moccasin (D:8)
  2 acid dragons
  A swamp drake (D:10)
  3 black bears
  3 orc warriors
  2 ogres
  6 centaurs
  2 kobold brigands
  A bullfrog (D:7)
  A necrophage (D:6)
  3 scorpions
  A wyvern zombie (D:5)
  2 water moccasin zombies (D:5)
  A wyvern skeleton (D:5)
  8 wights (D:9)
  A water moccasin skeleton (D:5)
  8 killer bees
  5 howler monkeys
  2 electric eels (D:10)
  A bullfrog zombie (D:5)
  8 orc priests
  4 hounds
  7 jellies
  2 bullfrog skeletons (D:5)
  4 iguanas
  Natasha (thrice) (D:2)
  7 orc wizards
  A scorpion zombie (D:5)
  Terence (D:3)
  A hound zombie (D:5)
  A hound skeleton (D:5)
  2 howler monkey zombies (D:5)
  Robin (D:3)
  10 adders
  6 gnolls
  A shadow imp (D:5)
  2 white imps
  An adder zombie (D:5)
  3 worms
  4 dart slugs
  44 orcs
  9 ball pythons
  9 bats
  19 endoplasms
  11 giant cockroaches
  16 goblins
  9 hobgoblins
  3 jackals (D:2)
  25 kobolds
  4 quokkas
  4 frilled lizards
  6 rats
327 creatures vanquished.

Vanquished Creatures (collateral kills)
  Snorg (D:11)
  A salamander mystic (D:10)
  A salamander (D:10)
  Maggie (D:6)
  5 humans (D:13)
  2 killer bees (D:8)
  A gnoll bouda (D:8)
  2 iguanas (D:6)
  3 gnolls (D:8)
  A hobgoblin (D:1)
18 creatures vanquished.

Vanquished Creatures (others)
  An orc (D:10)
  A kobold (D:11)
  3 plants (D:3)
  2 withered plants (D:5)
7 creatures vanquished.

Grand Total: 352 creatures vanquished

Notes
Turn   | Place    | Note
-------+----------+-------------------------------------------
     0 | D:1      | KKCryptic the Demonspawn Berserker began the quest for the
                  | Orb.
     0 | D:1      | Reached XP level 1. HP: 18/18 MP: 1/1
    78 | D:1      | Gained mutation: A weak demonic guardian rushes to your
                  | aid. [demonic ancestry]
    78 | D:1      | Reached XP level 2. HP: 18/24 MP: 2/2
   531 | D:1      | Reached XP level 3. HP: 29/29 MP: 3/3
   544 | D:1      | Reached ** piety under Trog
   988 | D:2      | Gained mutation: A demonic guardian rushes to your aid.
                  | [demonic ancestry]
   988 | D:2      | Reached XP level 4. HP: 35/35 MP: 4/4
  1012 | D:2      | Noticed Natasha
  1023 | D:2      | Killed Natasha
  1094 | D:2      | Noticed Natasha
  1103 | D:2      | Killed Natasha
  1104 | D:2      | Reached skill level 5 in Polearms
  1158 | D:2      | Reached XP level 5. HP: 41/41 MP: 5/5
  1306 | D:2      | Noticed Natasha
  1312 | D:2      | Killed Natasha
  1675 | D:3      | Found a faded altar of an unknown god.
  1697 | D:3      | Noticed Terence
  1700 | D:3      | Noticed Sigmund
  1708 | D:3      | Killed Terence
  1715 | D:3      | Killed Sigmund
  1716 | D:3      | Gained mutation: You have large cloven feet. [demonic
                  | ancestry]
  1716 | D:3      | Reached XP level 6. HP: 47/47 MP: 6/6
  1773 | D:3      | Found Rohuoroa's Antique Weapon Shop.
  1788 | D:3      | Found a hazy altar of Hepliaklqana.
  1789 | D:3      | Found a shadowy altar of Dithmenos.
  1790 | D:3      | Noticed a shadow
  1871 | D:3      | Found Juecob's Antique Armour Shoppe.
  1881 | D:3      | Reached *** piety under Trog
  1886 | D:3      | Noticed Robin
  1900 | D:3      | Killed Robin
  2032 | D:3      | Found Qebbal's Assorted Antiques.
  2035 | D:3      | Found Olytiph's Assorted Antiques.
  2094 | D:3      | Found Fem Diapp's Weapon Emporium.
  2277 | D:4      | Identified the +2 dagger "Taic" {vamp, rPois rCorr Str+4
                  | Dex-2}
  2310 | D:4      | Gained mutation: You have hoof-like feet. [demonic
                  | ancestry]
  2310 | D:4      | Reached XP level 7. HP: 52/52 MP: 7/7
  2321 | D:4      | Found the +7 staff of the Meek {protect, meekguard}
  2406 | D:4      | Found Innuenaave's Book Shop.
  2498 | D:4      | Reached **** piety under Trog
  2664 | D:4      | Found a staircase to the Ecumenical Temple.
  2991 | Temple   | Entered the Ecumenical Temple
  3065 | D:5      | Entered Level 5 of the Dungeon
  3203 | D:5      | Reached XP level 8. HP: 58/58 MP: 8/8
  3219 | D:5      | Noticed Edmund
  3232 | D:5      | Killed Edmund
  3339 | D:5      | Reached skill level 10 in Polearms
  3560 | D:5      | Found a broken altar of Ashenzari.
  3598 | D:5      | Identified the +0 ring mail "Ohuisch" {Int-4 Dex+5}
  3670 | D:5      | Found Niaguac's Antique Weapon Shoppe.
  3821 | D:3      | Bought a spiked cloak for 180 gold pieces
  3821 | D:3      | Identified the +0 cloak "Matweit" {rElec rC+} (You bought
                  | it in a shop on level 3 of the Dungeon)
  3886 | D:6      | Noticed Maggie
  3893 | D:6      | Killed Maggie
  3893 | D:6      | Reached ***** piety under Trog
  3894 | D:6      | Reached XP level 9. HP: 62/63 MP: 9/9
  3944 | D:6      | Found a glowing drain.
  3974 | Sewer    | Entered a sewer
  3985 | Sewer    | Reached skill level 2 in Armour
  4078 | Sewer    | Found a shimmering altar of Xom.
  4194 | D:6      | Reached skill level 3 in Armour
  4301 | D:6      | Found a sparkling altar of Nemelex Xobeh.
  4390 | D:6      | Found a stormy altar of Qazlal.
  4861 | D:7      | Found a large runed translucent door.
  4861 | D:7      | Found a large runed translucent door.
  4865 | D:7      | Noticed gebbletook2's ghost (novice VSFi)
  4912 | D:7      | Reached skill level 4 in Armour
  4928 | D:7      | Found a radiant altar of Vehumet.
  5068 | D:7      | Reached skill level 5 in Armour
  5122 | D:7      | Killed an unseen horror
  5313 | D:7      | Reached skill level 6 in Armour
  5739 | D:7      | Upgraded the game from 0.30-a0-364-gf6b3ef1049 to
                  | 0.30-a0-365-ge7f957f1db
  5868 | D:8      | Found a shimmering altar of Xom.
  5897 | D:8      | Reached skill level 7 in Armour
  6279 | D:8      | Gained mutation: You have an unusually large brain. (Int
                  | +2) [demonic ancestry]
  6279 | D:8      | Reached XP level 10. HP: 70/70 MP: 10/10
  6398 | D:8      | Identified the +5 rapier "Pice" {vorpal, rPois rC- Str+3}
  6801 | D:8      | Reached skill level 8 in Armour
  6919 | D:9      | Found a staircase to the Lair.
  6919 | D:9      | Noticed a death yak
  6919 | D:9      | Noticed an elephant
  6931 | D:9      | Killed an elephant
  6939 | D:9      | Killed a death yak
  6940 | D:9      | Reached skill level 9 in Armour
  7334 | D:9      | Reached skill level 10 in Armour
  7859 | D:9      | Reached skill level 11 in Armour
  8003 | D:9      | You fall into a shaft and drop 1 floor!
  8003 | D:10     | Entered Level 10 of the Dungeon
  8146 | D:9      | Found the +0 staff of Battle
  8320 | D:10     | Gained mutation: Spells you cast may paralyse adjacent
                  | enemies. [demonic ancestry]
  8320 | D:10     | Reached XP level 11. HP: 75/75 MP: 11/11
  8468 | D:10     | Identified the amulet "Pobroal" {Reflect rPois Str+4 Dex+7
                  | SH+5}
  8734 | D:10     | Reached skill level 12 in Armour
  8790 | D:10     | Found a staircase to the Orcish Mines.
  8981 | D:10     | Noticed a salamander mystic
  8982 | D:10     | Found the +3 salamander hide armour {Flames rF++ rC--}
  8987 | D:10     | Killed a salamander mystic
  9324 | D:11     | Noticed a four-headed hydra
  9333 | D:11     | Killed a four-headed hydra
  9479 | D:11     | Noticed Snorg
  9491 | D:11     | Killed Snorg
  9492 | D:11     | Reached skill level 5 in Fighting
  9908 | D:11     | Reached skill level 1 in Shields
 10634 | D:12     | Found Iqoecosu's Antique Weapon Shoppe.
 10680 | D:12     | Noticed a boulder beetle
 10690 | D:12     | Killed a boulder beetle
 10772 | D:12     | Noticed a two-headed ogre
 10785 | D:12     | Killed a two-headed ogre
 10786 | D:12     | Gained mutation: You have hooves in place of feet. [demonic
                  | ancestry]
 10786 | D:12     | Reached XP level 12. HP: 88/88 MP: 12/12
 10882 | D:12     | Reached skill level 5 in Shields
 11408 | D:12     | Noticed an angel
 11596 | D:13     | Noticed Rupert
 11596 | D:13     | Noticed Urug
 11596 | D:13     | Noticed a boulder beetle
 11596 | D:13     | Noticed Nessos
 11596 | D:13     | Found a gate to the Vaults.
 11612 | D:12     | Demolished by Rupert

Illustrated notes

Levels and vault maps discovered:
D:1:      lemuel_arrival_lava_pool, layout_basic, minivault_24
D:2:      layout_loops_ring, kennysheep_nub, minmay_3d_cube, uniq_natasha
D:3:      layout_rooms, riverfiend_overflow_shadow_ancestor,
          hellmonk_ecumenical_altar_lost_god, serial_shops, shop,
          nicolae_shop_temple_entry_statues_fountains, nicolae_shop_stone,
          nicolae_shop_overgrown_old_shop,
          nicolae_shop_competitors_out_of_business,
          chequers_serial_rivers_marsh, chequers_hall_statues_wall_a,
          due_unseen_surprise, uniq_sigmund, uniq_robin, uniq_terence
D:4:      layout_basic, kennysheep_mini, minmay_temple_entry_waves,
          serial_shops, nicolae_shop_hallway_plus, pf_guarded_unrand_meek
D:5:      layout_rooms, mainiacjoe_overflow_brackets, serial_undead,
          serial_undead_d, serial_undead_b, serial_undead_d, serial_undead_f,
          serial_shops, shop, uniq_edmund
D:6:      layout_rooms, mainiacjoe_overflow_catch_the_wave,
          gup_sewer_entry_glass, dreamdust_princess_corridor, uniq_maggie
D:7:      layout_gridville, lemuel_coloured_pillars_altar,
          nicolae_overflow_crystal_walls, ebering_ghost_disaster_area
D:8:      layout_cave_pods, xom_teletrap_fun, serial_glass, glass_columns_a,
          glass_columns_b, glass_columns_a, glass_columns_c,
          amcnicky_mini_corridor_feature
D:9:      layout_basic, david_lair_generic, st_stairs_7,
          hellmonk_guarded_unrand_staff_of_battle
D:10:     layout_irregular_city, erik_orc_1, minivault_14,
          hellmonk_guarded_unrand_salamander
D:11:     layout_long_grid, hangedman_decor_riveting, uniq_snorg
D:12:     layout_small_grid, serial_shops, nicolae_shop_hallway_stairs,
          zin_angel
D:13:     layout_long_grid, david_vaults_3
Temple:   cyrus_circular_temple

Skill      XL: |  1  2  3  4  5  6  7  8  9 10 11 12 |
---------------+-------------------------------------+-----
Polearms       | 3 4 5 6 7 9 11 | 11.3
Armour         | 7 11 12 | 12.8
Fighting       | 6 |  6.1
Shields        | 4 6 |  6.0
Dodging        | |  1.7

Action                   |  1- 3 |  4- 6 |  7- 9 | 10-12 || total
-------------------------+-------+-------+-------+-------++-------
Melee: Spear             |   173 |     8 |       |       ||   181
       Trident           |       |   139 |     9 |   164 ||   312
       Kick              |       |    17 |    90 |   103 ||   210
       Quarterstaff      |       |       |   286 |   241 ||   527
Invok: Berserk           |       |     1 |     1 |     7 ||     9
       Brothers in Arms  |       |       |     1 |     2 ||     3
       Trog's Hand       |       |       |       |     1 ||     1
Evoke: Phantom mirror    |       |       |       |     1 ||     1
       Wand              |       |       |       |     3 ||     3
  Use: Scroll            |     3 |     1 |     2 |    14 ||    20
 Stab: Sleeping          |     1 |       |       |       ||     1
       Distracted        |       |       |     1 |     1 ||     2
Armor: Animal skin       |     9 |       |       |       ||     9
       Ring mail         |    23 |    23 |       |       ||    46
       Scale mail        |       |    23 |    20 |       ||    43
       Chain mail        |       |       |   171 |   174 ||   345
       Leather armour    |       |       |       |    19 ||    19
Dodge: Dodged            |    84 |    51 |   114 |   147 ||   396
Block: Buckler           |       |       |       |    32 ||    32
       Other             |       |       |       |    16 ||    16
       Reflection        |       |       |       |    10 ||    10

Table legend: (Time is in decaauts)
 A = Elapsed time spent in this place.
 B = Non-inter-level travel time spent in this place.
 C = Inter-level travel time spent in this place.
 D = Time resting spent in this place.
 E = Time spent auto-exploring this place.
 F = Levels seen in this place.
 G = Mean time per level.
                   A        B        C        D        E       F      G
               +--------+--------+--------+--------+--------+-----+--------+
         Total |  11637 |  11192 |    445 |   1631 |   6699 |  15 |  775.8 |
       Dungeon |  11369 |  10934 |    435 |   1631 |   6642 |  13 |  874.5 |
        Temple |     59 |     50 |      9 |      0 |     42 |   1 |   59.0 |
         Sewer |    208 |    208 |      0 |      0 |     15 |   1 |  208.0 |
               +--------+--------+--------+--------+--------+-----+--------+

Top non-repeatable levels by time:
     D:9: 1378 daAuts
    D:11: 1241 daAuts
    D:10: 1132 daAuts
     D:8: 1104 daAuts
     D:7: 1051 daAuts
    D:12: 1011 daAuts
     D:4: 935 daAuts
     D:2: 774 daAuts
     D:1: 737 daAuts
     D:5: 715 daAuts
     D:3: 657 daAuts
     D:6: 619 daAuts
   Sewer: 208 daAuts
  Temple: 59 daAuts
    D:13: 10 daAuts
